 Dungeon Crawl Stone Soup version 0.29-a0-824-gd827844252 (webtiles) character file.

Game seed: 17964120259085560286

639 jimonade the Trooper (level 7, -1/56 HPs)
             Began as a Formicid Fighter on July 10, 2022.
             Slain by a howler monkey (4 damage)
             ... on level 5 of the Dungeon.
             The game lasted 00:08:30 (4271 turns).

jimonade the Trooper (Formicid Fighter)             Turns: 4271, Time: 00:08:30

Health: -1/56      AC:  8    Str: 20    XL:     7   Next: 80%
Magic:  0/11       EV:  9    Int: 12    God:
Gold:   127        SH:  5    Dex: 13    Spells: 11/11 levels left

rFire   . . .      SeeInvis +   A - +9 rapier of Qigus {drain, rElec rPois Int-4 Stlth+}
rCold   . . .      Faith    .   c - +0 buckler
rNeg    . . .      Spirit   +   b - +0 scale mail
rPois   +          Reflect  .   (helmet unavailable)
rElec   +          Harm     .   p - +0 cloak
rCorr   .          Rampage  .   (no gloves)
Will    .....                   (no boots)
Stlth   +.........              k - amulet of guardian spirit
HPRegen 0.18/turn               j - +6 ring of intelligence
MPRegen 0.12/turn               (no ring)

@: no status effects
A: permanent stasis, dig shafts and tunnels, antennae 3, four strong arms
a: Dig, Shaft Self


You were on level 5 of the Dungeon.
You visited 1 branch of the dungeon, and saw 5 of its levels.

You collected 127 gold pieces.

Inventory:

Hand Weapons
 a - a +0 quarterstaff
 z - a +4 dagger
 A - the +9 rapier of Qigus (weapon) {drain, rElec rPois Int-4 Stlth+}
   (You found it on level 4 of the Dungeon)

   A truly terrible weapon, it drains the life of any living foe it strikes.
   Int:       It affects your intelligence (-4).
   rElec:     It insulates you from electricity.
   rPois:     It protects you from poison.
   Stlth:     It makes you more stealthy.
Armour
 b - a +0 scale mail (worn)
 c - a +0 buckler (worn)
 p - a +0 cloak (worn)
 D - a +0 ring mail
Jewellery
 j - a +6 ring of intelligence (left hand)
 k - an amulet of guardian spirit (around neck)
 u - a ring of flight
Wands
 g - a wand of roots (16)
 y - a wand of mindburst (10)
 B - a wand of polymorph (15)
 C - a wand of digging (7)
Scrolls
 e - a scroll of blinking {unknown}
 f - 3 scrolls of identify
 h - a scroll of poison {unknown}
 i - 2 scrolls of vulnerability {unknown}
 m - a scroll of magic mapping {unknown}
 o - 5 scrolls of teleportation {unknown}
 q - 2 scrolls of fear {unknown}
 s - 2 scrolls of immolation {unknown}
 t - a scroll of summoning {unknown}
 w - a scroll of enchant armour {unknown}
 F - a scroll of enchant weapon {unknown}
Potions
 d - 2 potions of might
 l - 2 potions of heal wounds
 n - a potion of degeneration {unknown}
 r - 2 potions of curing {unknown}
 v - a potion of attraction {unknown}
 x - a potion of mutation {unknown}
 E - a potion of ambrosia {unknown}


   Skills:
 * Level 5.6 Fighting
 + Level 2.1 Short Blades
 - Level 3.6 Staves
 + Level 4.8 Armour
 + Level 1.1 Dodging
 + Level 4.9 Shields
 * Level 2.8 Spellcasting


You had 11 spell levels left.
You didn't know any spells.
Your spell library contained the following spells:

 Spells                   Type           Power      Damage    Failure   Level
 Conjure Flame            Conj/Fire      1%         6-21      94%         3
 Ignite Poison            Fire/Tmut/Pois 1%         N/A       94%         3
 Lesser Beckoning         Tloc           1%         N/A       94%         3
 Sticky Flame             Conj/Fire      1%         2d3       100%        4
 Iskenderun's Battlesphe  Conj           1%         2d6       100%        5
 Manifold Assault         Tloc           1%         N/A       100%        5
 Iron Shot                Conj/Erth      0%         9d1       100%        6
 Spellforged Servitor     Conj/Summ      0%         N/A       100%        7
 Blink                    Tloc           Unusable   N/A       N/A         2

Dungeon Overview and Level Annotations

Branches:
Dungeon (5/15)             Temple (0/1) D:5

Altars:
Hepliaklqana
Sif Muna
Vehumet
Xom

Shops:
D:3 [


Innate Abilities, Weirdness & Mutations

You cannot be hasted, slowed, berserked, paralysed or teleported.
You can dig through walls and to a lower floor.
You have a pair of large antennae on your head. (SInv)
Your four strong arms can wield two-handed weapons with a shield.


Message History

The howler monkey hoots and howls with incredible vigour!
You hear a shout!
You hear a howl!
You hear a shout!
A howler monkey comes into view.
The howler monkey howls!
You closely miss the howler monkey. The howler monkey barely misses you.
The howler monkey hoots and howls with incredible vigour!
You hear an angry hiss.
Something shouts, "Get thee gone, thou unhinged guts-griping vulture!"
You hear a shout! x3
You closely miss the howler monkey. The howler monkey barely misses you.
You puncture the howler monkey!
The howler monkey is severely wounded.
The howler monkey hoots and howls with incredible vigour!
The howler monkey closely misses you.
You hear a shout!
You closely miss the howler monkey.
The howler monkey is severely wounded.
The howler monkey hits you.
The howler monkey hits you but does no damage.
You puncture the howler monkey!
You kill the howler monkey!
The howler monkey hits you.
You see here a howler monkey corpse.
Menkaure calls on the powers of darkness!
Your body is wracked with pain!
The howler monkey convulses!
The howler monkey hits you.
You hear a shout!
You hit Menkaure.
Menkaure is moderately damaged.
You hear an angry hiss.
Menkaure hits you! The howler monkey barely misses you.
You puncture Menkaure!
Menkaure is heavily damaged.
The howler monkey hits you. Menkaure hits you!!
* * * LOW HITPOINT WARNING * * *
You puncture Menkaure!
You destroy Menkaure!
The howler monkey hoots and howls with incredible vigour!
The howler monkey hits you.
You die...

#........##.....# #
....{...........#.####
##.....#.#....$.#....#
.......{{.............
.........###......#
#........# ###.#..##
..........#####.....#
#............#..###..#
.##...........@h...# ..
.......#.#........## ..
.......###.........##...
.......##..............
.......#..†..........#..
..........))......#.###
.#############....#...#.
#8.........8#..........
#....⌠.⌠....#.....#....


You could see a howler monkey (catching breath).

Vanquished Creatures
  Menkaure (D:5)
  A water moccasin (D:4)
  A black bear (D:5)
  A phantom (D:5)
  A necrophage (D:4)
  A howler monkey (D:5)
  A hound (D:4)
  An iguana (D:3)
  Jessica (D:3)
  6 gnolls
  5 adders
  2 worms (D:2)
  2 dart slugs
  An orc (D:4)
  9 endoplasms
  6 giant cockroaches
  4 goblins
  8 hobgoblins
  2 jackals (D:2)
  3 quokkas
  11 ball pythons
  5 bats
  4 frilled lizards
  7 kobolds
  6 rats
90 creatures vanquished.

Vanquished Creatures (others)
  11 plants (D:3)
11 creatures vanquished.

Grand Total: 101 creatures vanquished

Notes
Turn   | Place    | Note
-------+----------+-------------------------------------------
     0 | D:1      | jimonade the Formicid Fighter began the quest for the Orb.
     0 | D:1      | Reached XP level 1. HP: 18/18 MP: 1/1
    64 | D:1      | You fall into a shaft and drop 1 floor!
   292 | D:2      | Reached XP level 2. HP: 19/24 MP: 2/2
   526 | D:2      | Reached skill level 4 in Fighting
   526 | D:2      | Reached XP level 3. HP: 30/30 MP: 3/3
   967 | D:2      | Found a faded altar of an unknown god.
  1118 | D:1      | Reached XP level 4. HP: 32/37 MP: 4/4
  1767 | D:3      | Found Fifaing's Antique Armour Emporium.
  1806 | D:3      | Found a shimmering altar of Xom.
  1915 | D:3      | Reached skill level 1 in Spellcasting
  2291 | D:3      | Reached XP level 5. HP: 39/43 MP: 6/6
  2301 | D:3      | Noticed Jessica
  2305 | D:3      | Found a shimmering blue altar of Sif Muna.
  2308 | D:3      | Killed Jessica
  3323 | D:4      | Reached XP level 6. HP: 41/50 MP: 8/8
  3460 | D:4      | Found a hazy altar of Hepliaklqana.
  3680 | D:4      | Identified the +9 rapier of Qigus {drain, rElec rPois Int-4
                  | Stlth+}
  3744 | D:4      | Reached skill level 5 in Fighting
  3873 | D:4      | Found a radiant altar of Vehumet.
  4071 | D:5      | Entered Level 5 of the Dungeon
  4081 | D:5      | Found a staircase to the Ecumenical Temple.
  4083 | D:5      | Noticed a water moccasin
  4095 | D:4      | Killed a water moccasin
  4096 | D:4      | Reached XP level 7. HP: 46/56 MP: 7/10
  4155 | D:5      | Reached skill level 1 in Short Blades
  4155 | D:5      | Reached skill level 1 in Dodging
  4252 | D:5      | Noticed Menkaure
  4271 | D:5      | Killed Menkaure
  4271 | D:5      | Slain by a howler monkey

Illustrated notes

Levels and vault maps discovered:
D:1:      zelgadis_glass_arrival_small, layout_basic
D:2:      layout_loops_ring, hellmonk_ecumenical_altar_dog_temple
D:3:      layout_basic, mainiacjoe_overflow_chevrons, xom_teletrap_fun,
          serial_shops, nicolae_lakefront_shop, kennysheep_minor_cross,
          uniq_jessica
D:4:      layout_cave_pools, nicolae_vehumet_radiance,
          mainiacjoe_overflow_small_starburst
D:5:      layout_cave_pools, nicolae_ru_sacrificial_ziggurat,
          minmay_temple_entry_from_below_b, st_stairs_3, minmay_pentangle,
          uniq_menkaure

Skill      XL: |  1  2  3  4  5  6  7 |
---------------+----------------------+-----
Fighting       | 4 5 |  5.6
Spellcasting   | 1 2 |  2.8
Staves         | 3 |  3.6
Armour         | 4 |  4.8
Short Blades   | 2 |  2.1
Dodging        | 1 |  1.1
Shields        | |  4.9

Action                   |  1- 3 |  4- 6 |  7- 9 || total
-------------------------+-------+-------+-------++-------
Melee: Quarterstaff      |   101 |   132 |       ||   233
       Rapier            |       |    31 |    23 ||    54
  Use: Scroll            |       |     1 |       ||     1
Armor: Scale mail        |    41 |    66 |     7 ||   114
Dodge: Dodged            |    44 |    75 |     8 ||   127
Block: Buckler           |    32 |    52 |     3 ||    87

Table legend: (Time is in decaauts)
 A = Elapsed time spent in this place.
 B = Non-inter-level travel time spent in this place.
 C = Inter-level travel time spent in this place.
 D = Time resting spent in this place.
 E = Time spent auto-exploring this place.
 F = Levels seen in this place.
 G = Mean time per level.
                   A        B        C        D        E       F      G
               +--------+--------+--------+--------+--------+-----+--------+
         Total |   4329 |   4158 |    171 |    693 |   2336 |   5 |  865.8 |
       Dungeon |   4329 |   4158 |    171 |    693 |   2336 |   5 |  865.8 |
               +--------+--------+--------+--------+--------+-----+--------+

Top non-repeatable levels by time:
     D:3: 1308 daAuts
     D:4: 1087 daAuts
     D:2: 1063 daAuts
     D:1: 724 daAuts
     D:5: 145 daAuts
